 Dungeon Crawl Stone Soup version 0.19.1 (webtiles) character file.

360 Host24 the Sneak (level 6, 0/40 HPs)
             Began as a Kobold Assassin on Dec 24, 2016.
             Slain by Grinder (9 damage)
             ... on level 4 of the Dungeon.
             The game lasted 00:07:37 (3597 turns).

Host24 the Sneak (Kobold Assassin)                  Turns: 3597, Time: 00:07:38

Health: 0/40       AC:  4    Str:  8    XL:     6   Next: 98%
Magic:  6/6        EV: 18    Int: 17    God:
Gold:   177        SH:  0    Dex: 19    Spells: 0 memorised, 5 levels left

rFire  . . .     SeeInvis .     k - +1 dagger (freeze)
rCold  . . .     Gourm    .     c - +0 robe
rNeg   . . .     Faith    .     (shield restricted)
rPois  .         Spirit   .     (no helmet)
rElec  .         Reflect  .     d - +0 cloak
rCorr  .         Harm     .     C - +0 pair of gloves
MR     .....                    (no boots)
Stlth  +++.......               (no amulet)
                                (no ring)
                                D - +5 ring of intelligence

@: no status effects
A: carnivore 3
a: no special abilities


You were on level 4 of the Dungeon.
You were completely stuffed.

You visited 1 branch of the dungeon, and saw 5 of its levels.

You collected 177 gold pieces.

Inventory:

Hand Weapons
 a - a +2 dagger
 b - a +0 blowgun
 k - a +1 dagger of freezing (weapon)
 x - a +0 rapier
Missiles
 e - 33 poisoned needles
 f - 2 curare-tipped needles
 r - 16 bolts
 t - 54 sling bullets
 v - 72 arrows
 w - 48 stones (quivered)
Armour
 c - a +0 robe (worn)
 d - a +0 cloak (worn)
 C - a +0 pair of gloves (worn)
Jewellery
 l - a cursed ring of teleportation
 z - an uncursed ring of ice
 D - a +5 ring of intelligence (left hand)
Wands
 y - a wand of disintegration (11/24)
 A - a wand of acid (5/15)
Scrolls
 i - a scroll of identify
 n - 2 scrolls of teleportation {unknown}
 o - a scroll of recharging {unknown}
 p - 2 scrolls of remove curse {unknown}
 q - 2 scrolls of enchant weapon {unknown}
 s - 2 scrolls of magic mapping {unknown}
 u - 2 scrolls of random uselessness {unknown}
Potions
 h - a potion of might
 j - 3 potions of curing
Comestibles
 g - 2 meat rations
 m - 2 chunks of flesh


   Skills:
 - Level 5.1 Fighting
 - Level 5.0 Short Blades
 - Level 2.1 Throwing
 + Level 4.5 Dodging
 - Level 5.3 Stealth


You had 5 spell levels left.
You didn't know any spells.

Dungeon Overview and Level Annotations

Branches:
Dungeon (5/15)
 Temple: D:4-7

Altars:
Cheibriados
Gozag
Vehumet
Yredelemnul

Annotations:
D:4 Grinder, Sigmund


Innate Abilities, Weirdness & Mutations

You are small and have problems with some larger weapons.
You are carnivorous and can eat meat at any time.


Message History

Grinder closely misses you.
You hit Grinder but do no damage.
Grinder is lightly wounded.
You hit Grinder but do no damage.
Grinder is lightly wounded.
Grinder says, "You look like you could use a good racking."
Grinder hits you!
You writhe in agony.
You hit Grinder but do no damage.
Grinder is lightly wounded.
Grinder gestures at you. Pain shoots through your body!
* * * LOW HITPOINT WARNING * * *
You hit Grinder.
Grinder is lightly wounded.
You barely miss Grinder.
Grinder is lightly wounded.
Grinder hits you.
* * * LOW HITPOINT WARNING * * *
It was a potion of cancellation.
You feel magically purged. Grinder hits you!
You die...

## .## ## ... ..
.. ## ###.# ...
#5# #@# #.# ###
#.##############..
#................#
##################


You could see Grinder.

Vanquished Creatures
  A hound (D:4)
  2 jellies (D:5)
  A centaur skeleton (D:4)
  An orc priest (D:4)
  2 worker ants (D:4)
  A hound skeleton (D:3)
  2 adders
  4 worms
  2 dart slugs
  3 leopard geckos
  8 orcs
  A ball python (D:3)
  5 giant cockroaches
  15 goblins
  7 hobgoblins
  15 jackals
  2 quokkas
  5 bats
  11 frilled lizards
  5 kobolds
  9 rats
102 creatures vanquished.

Notes
Turn   | Place    | Note
-------+----------+-------------------------------------------
     0 | D:1      | Host24 the Kobold Assassin began the quest for the Orb.
     0 | D:1      | Reached XP level 1. HP: 12/12 MP: 1/1
   143 | D:1      | Reached XP level 2. HP: 17/18 MP: 2/2
   550 | D:1      | Reached XP level 3. HP: 20/23 MP: 3/3
  1918 | D:2      | Reached XP level 4. HP: 17/29 MP: 4/4
  2534 | D:3      | Found a radiant altar of Vehumet.
  2639 | D:3      | You fall through a shaft for 2 floors!
  2639 | D:5      | Entered Level 5 of the Dungeon
  2640 | D:5      | Reached XP level 5. HP: 24/33 MP: 5/5
  2687 | D:4      | Reached skill level 5 in Short Blades
  2697 | D:4      | Noticed Sigmund
  2948 | D:3      | Reached XP level 6. HP: 34/39 MP: 6/6
  3090 | D:3      | Found an opulent altar of Gozag.
  3261 | D:4      | Found a basalt altar of Yredelemnul.
  3263 | D:4      | Found a snail-covered altar of Cheibriados.
  3340 | D:4      | Reached skill level 5 in Fighting
  3585 | D:4      | Noticed Grinder
  3597 | D:4      | Slain by Grinder

Skill      XL: |  1  2  3  4  5  6 |
---------------+-------------------+-----
Fighting       | 3 4 5 |  5.1
Dodging        | 2 3 4 |  4.5
Short Blades   | 3 5 |  5.0
Throwing       | |  2.1
Stealth        | |  5.3

Action                   |  1- 3 |  4- 6 || total
-------------------------+-------+-------++-------
Melee: Dagger            |   103 |   244 ||   347
 Fire: Blowgun           |     2 |       ||     2
  Use: Scroll            |       |     3 ||     3
       Potion            |       |     5 ||     5
 Stab: Sleeping          |     9 |    26 ||    35
       Distracted        |     2 |     1 ||     3
  Eat: Chunk             |    11 |     6 ||    17
Armor: Robe              |    14 |    34 ||    48
       Skin              |       |    15 ||    15
Dodge: Dodged            |    60 |   136 ||   196
